 Dungeon Crawl Stone Soup version 0.30-a0-591-g3c58d2bc28 (webtiles) character file.

Game seed: 543412491660955753

1 purpskrrrp the Firebug (level 1, 0/16 HPs)
             Began as an Ogre Fire Elementalist on Jan 5, 2023.
             Slain by a quokka (3 damage)
             ... on level 1 of the Dungeon.
             The game lasted 00:00:10 (58 turns).

purpskrrrp the Firebug (Ogre Fire Elementalist)       Turns: 58, Time: 00:00:10

Health: 0/16       AC:  3    Str: 11    XL:     1   Next: 20%
Magic:  1/3        EV:  9    Int: 16    God:
Gold:   7          SH:  0    Dex:  9    Spells: 3/4 levels left

rFire   . . .      SeeInvis .    (no weapon)
rCold   . . .      Faith    .    (no shield)
rNeg    . . .      Spirit   .    a - +0 robe
rPois   .          Reflect  .    (helmet restricted)
rElec   .          Harm     .    (no cloak)
rCorr   .          Rampage  .    (gloves unavailable)
Will    .....                    (boots unavailable)
Stlth   +                        (no amulet)
HPRegen 0.22/turn                (no ring)
MPRegen 0.08/turn                (no ring)

@: no status effects
A: large, unfitting armour, tough skin 1
a: no special abilities


You were on level 1 of the Dungeon.
You visited 1 branch of the dungeon, and saw 1 of its levels.

You collected 7 gold pieces.

Inventory:

Armour
 a - a +0 robe (worn)
Potions
 b - a potion of magic


   Skills:
 + Level 1.8 Dodging
 + Level 1.4 Stealth
 + Level 2.4 Spellcasting
 + Level 0.9 Conjurations
 + Level 2.7 Fire Magic


You had 3 spell levels left.
You knew the following spells:

 Your Spells              Type           Power      Damage    Failure   Level
a - Foxfire               Conj/Fire      28%        2x1d5     10%         1

Your spell library contained the following spells:

 Spells                   Type           Power      Damage    Failure   Level
 Scorch                   Fire           20%        2d6       10%         2
 Inner Flame              Hex/Fire       6%         N/A       34%         3
 Kindle Blastsparks       Fire/Tloc/Air  8%         2d10      38%         3
 Flame Wave               Conj/Fire      7%         2d5       67%         4
 Summon Cactus Giant      Summ           0%         N/A       100%        6


Dungeon Overview and Level Annotations

Branches:
Dungeon (1/15)

Altars:


Innate Abilities, Weirdness & Mutations

You are too large for most types of armour.
You have tough skin. (AC +1)


Message History

Your foxfire dissipates!
The endoplasm quivers.
The foxfire hits the endoplasm.
The endoplasm is heavily wounded.
You conjure some foxfire!
The foxfire hits the endoplasm.
You kill the endoplasm!
No target in view!
Your foxfire dissipates!
A quokka comes into view.
A giant cockroach comes into view.
Found a blackened jasper amulet and a scroll labelled AZITEISIXU.
There is a stone staircase leading down here.
A goblin, a hobgoblin and a kobold come into view.
Found 8 gold pieces.
Found a stone staircase leading down.
The goblin shouts!
The hobgoblin shouts!
You conjure some foxfire!
Your foxfire dissipates!
The foxfire hits the quokka.
The quokka is severely wounded.
The quokka bites you.
The quokka bites you but does no damage.
There is a stone staircase leading down here.
The quokka attacks as you move away! The quokka bites you.
You barely miss the quokka.
The quokka is severely wounded.
The quokka bites you.
You closely miss the quokka.
The quokka is severely wounded.
The quokka completely misses you. The quokka bites you.
You miss the quokka.
The quokka is severely wounded.
The quokka bites you.
You hit the quokka but do no damage.
The quokka is severely wounded.
The quokka bites you.
* * * LOW HITPOINT WARNING * * *
You hit the quokka.
The quokka is almost dead.
The quokka bites you.
You die...

##......... . ##. ...
#....#.#.#. #.#.. ..
##......... # #.#.. ..
#...#..#.<. #.#.... .#
##......... ......#.#
#..#...#.#. ##.....
####...#.....
#.....########.#......#...
#....BgKr@.....##.......#.
.....##.#######.##..........
#.. .... #.###......... #
....... #....#.#.#.#.#
.......... #.##.#########
...".....>g #....#
.....?...... ######
...........$.


You could see a quokka, a giant cockroach, a hobgoblin and a kobold.

Vanquished Creatures
  An endoplasm (D:1)
1 creature vanquished.

Vanquished Creatures (others)
  2 foxfires (D:1)
2 creatures vanquished.

Grand Total: 3 creatures vanquished

Notes
Turn   | Place    | Note
-------+----------+-------------------------------------------
     0 | D:1      | purpskrrrp the Ogre Fire Elementalist began the quest for
                  | the Orb.
     0 | D:1      | Reached XP level 1. HP: 16/16 MP: 3/3
    58 | D:1      | Slain by a quokka

Illustrated notes

Levels and vault maps discovered:
D:1:      co_arrival_square_in_a_square_in_a_square, layout_rooms,
          hellmonk_ecumenical_altar_slurped_away

Action                   || total
-------------------------++-------
Melee: Unarmed           ||     5
 Cast: Foxfire           ||     3
Armor: Robe              ||     1
Dodge: Dodged            ||     1

Table legend: (Time is in decaauts)
 A = Elapsed time spent in this place.
 B = Non-inter-level travel time spent in this place.
 C = Inter-level travel time spent in this place.
 D = Time resting spent in this place.
 E = Time spent auto-exploring this place.
 F = Levels seen in this place.
 G = Mean time per level.
                   A        B        C        D        E       F      G
               +--------+--------+--------+--------+--------+-----+--------+
         Total |     58 |     58 |      0 |      0 |     32 |   1 |   58.0 |
       Dungeon |     58 |     58 |      0 |      0 |     32 |   1 |   58.0 |
               +--------+--------+--------+--------+--------+-----+--------+

Top non-repeatable levels by time:
     D:1: 58 daAuts
